 Dungeon Sprint DCSS version 0.30.1-11-g7821555f0a (webtiles) character file.

Game seed: 10401325152586713857

621 Groucho the Unseen (level 7, 0/32 HPs)
             Began as a Spriggan Enchanter on Dec 5, 2023.
             Was an Initiate of Dithmenos.
             Slain by a centaur warrior (6 damage)
             ... in the Dungeon (Sprint I: "Red Sonja").
             The game lasted 00:05:03 (944 turns).

Groucho the Unseen (Spriggan Enchanter)              Turns: 944, Time: 00:05:03

Health: 0/32       AC:  2    Str:  4    XL:     7   Next: 22%
Magic:  12/12      EV: 17    Int: 19    God:    Dithmenos [......]
Gold:   247        SH:  0    Dex: 15    Spells: 4/12 levels left

rFire   . . .        a - +1 dagger
rCold   . . .        (no shield)
rNeg    . . .        b - +0 robe
rPois   .            (helmet restricted)
rElec   .            (no cloak)
rCorr   .            (gloves unavailable)
SInv    +            (boots unavailable)
Will    +....        (no amulet)
Stlth   ++++++       (no ring)
HPRegen 0.25/turn    (no ring)
MPRegen 0.13/turn

%: no teleportation
@: invisible, very quick
A: very small, no large weapons, unfitting armour, see invisible, speed 3
a: Renounce Religion


You were in the Dungeon.
You worshipped Dithmenos.
Dithmenos was noncommittal.
You visited 1 branch You collected 297 gold pieces.
You spent 50 gold pieces at shops.

Inventory:

Hand Weapons
 a - a +1 dagger (weapon)
Armour
 b - a +0 robe (worn)
Wands
 d - a wand of polymorph (8)
Scrolls
 i - a scroll of blinking
Potions
 c - a potion of invisibility
 e - a potion of heal wounds
 f - a potion of haste
 g - 2 potions of magic


   Skills:
 - Level 10.0 Short Blades
 - Level 2.6 Dodging
 - Level 15.0 Stealth
 - Level 3.0 Spellcasting
 + Level 3.8 Conjurations
 - Level 9.0 Hexes


You had 4 spell levels left.
You knew the following spells:

 Your Spells              Type           Power      Damage    Failure   Level
a - Ensorcelled Hibernat  Hex/Ice        38%        N/A       3%          2
b - Confusing Touch       Hex            37%        N/A       1%          3
c - Dazzling Flash        Conj/Hex       54%        N/A       3%          3

Your spell library contained the following spells:

 Spells                   Type           Power      Damage    Failure   Level
 Tukima's Dance           Hex            37%        N/A       1%          3


Dungeon Overview and Level Annotations

Branches:
Dungeon (1/1)

Altars:
Cheibriados
Dithmenos
Elyvilon
Fedhas
Gozag
Hepliaklqana
Kikubaaqudgha
Makhleb
Nemelex Xobeh
Okawaru
Qazlal
Ru
Sif Muna
Trog
Uskayaw
Vehumet
Wu Jian
Xom
Yredelemnul
Zin
The Shining One
Jiyva
Lugonu

Shops:
D !


Innate Abilities, Weirdness & Mutations

You are very small and have problems with some larger weapons.
You are too small for most types of armour.
You have supernaturally acute eyesight. (SInv)
You cover ground extremely quickly. (Speed+++)


Message History

There is an ornate altar of the Wu Jian Council here.
You see here a +0 dagger.
You open the door.
Blink to where?
Press: ? - help, Dir - move target A centaur warrior comes into view.
Found a scroll labelled BAPLETSENIG and a scroll labelled FAUHEPHUIGG.
As you read the scroll of blinking, it crumbles to dust.
The centaur warrior shouts!
The centaur warrior hits you! The centaur warrior kicks you.
The centaur warrior barely misses you. The centaur warrior misses you.
The centaur warrior hits you!
* * * LOW HITPOINT WARNING * * *
The centaur warrior kicks you.
* * * LOW HITPOINT WARNING * * *
Unknown command.
Unknown command.
You feel much better.
The centaur warrior completely misses you.
The centaur warrior closely misses you.
The centaur warrior completely misses you.
The centaur warrior kicks you. The centaur warrior hits you.
The centaur warrior kicks you.
Okay, then.
You fade into invisibility!
The centaur warrior completely misses you.
The centaur warrior misses you. x2; The centaur warrior closely misses you.
The centaur warrior hits you but does no damage.
The centaur warrior kicks you.
Unknown command.
Unknown command.
You are too injured to fight recklessly!
Unknown command.
Unknown command.
You hit the centaur warrior.
The centaur warrior is lightly wounded.
The centaur warrior hits you.
* * * LOW HITPOINT WARNING * * *
The centaur warrior closely misses you. The centaur warrior hits you.
You die...

################
#..'..#.)'..#__#
').#..'..#..'..+
#####'#####'#__####
####..#...#.####§§#
#__####..##)#~§~§c#
#_____##'#_.'~§§@§+
#_.∩..†'..._#~§§§c#
#_..__##_.#'##+####
#_____###+#[#
####### ###


You could see 2 centaur warriors.

Vanquished Creatures
  A slime creature (D)
  Sigmund (D)
  A yak (D)
  An ogre (D)
  A jelly (D)
  Ijyb (D)
6 creatures vanquished.

Notes
Turn   | Place    | Note
-------+----------+-------------------------------------------
     0 | D        | Groucho the Spriggan Enchanter began the quest for the Orb.
     0 | D        | Reached XP level 1. HP: 9/9 MP: 5/5
     2 | D        | Noticed Ijyb
    10 | D        | Killed Ijyb
    11 | D        | Reached skill level 10 in Stealth
    11 | D        | Reached XP level 2. HP: 13/13 MP: 6/6
   411 | D        | Noticed an ogre
   426 | D        | Learned a level 2 spell: Ensorcelled Hibernation
   428 | D        | Killed an ogre
   429 | D        | Reached skill level 14 in Stealth
   429 | D        | Reached XP level 3. HP: 16/16 MP: 5/8
   429 | D        | Reached XP level 4. HP: 21/21 MP: 5/9
   780 | D        | Noticed Sigmund
   784 | D        | Killed Sigmund
   785 | D        | Reached skill level 15 in Stealth
   785 | D        | Reached XP level 5. HP: 24/24 MP: 5/10
   785 | D        | Reached XP level 6. HP: 28/28 MP: 5/11
   843 | D        | Learned a level 3 spell: Confusing Touch
   847 | D        | Learned a level 3 spell: Dazzling Flash
   851 | D        | Found an ornate altar of the Wu Jian Council.
   851 | D        | Found a shimmering blue altar of Sif Muna.
   853 | D        | Found a radiant altar of Vehumet.
   882 | D        | Found Jezy Owu's Distillery.
   882 | D        | Found an ancient bone altar of Kikubaaqudgha.
   882 | D        | Found a hazy altar of Hepliaklqana.
   882 | D        | Found a hide-covered altar of Uskayaw.
   882 | D        | Found a basalt altar of Yredelemnul.
   882 | D        | Found an opulent altar of Gozag.
   882 | D        | Found a snail-covered altar of Cheibriados.
   882 | D        | Found a sacrificial altar of Ru.
   882 | D        | Found a shadowy altar of Dithmenos.
   882 | D        | Noticed a yak
   883 | D        | Found a stormy altar of Qazlal.
   883 | D        | Found a blossoming altar of Fedhas.
   883 | D        | Found a bloodstained altar of Trog.
   883 | D        | Found an iron altar of Okawaru.
   883 | D        | Found a glowing golden altar of the Shining One.
   883 | D        | Found a glowing silver altar of Zin.
   883 | D        | Found a white marble altar of Elyvilon.
   884 | D        | Killed a yak
   885 | D        | Reached skill level 10 in Short Blades
   885 | D        | Found a sparkling altar of Nemelex Xobeh.
   889 | D        | Bought a potion of heal wounds for 50 gold pieces
   902 | D        | Found a burning altar of Makhleb.
   902 | D        | Found a shimmering altar of Xom.
   902 | D        | Noticed a slime creature
   903 | D        | Found a viscous altar of Jiyva.
   903 | D        | Found a corrupted altar of Lugonu.
   905 | D        | Killed a slime creature
   906 | D        | Reached XP level 7. HP: 32/32 MP: 12/12
   913 | D        | Noticed a centaur warrior
   924 | D        | Became a worshipper of Dithmenos the Shadowed
   941 | D        | Noticed a centaur warrior
   944 | D        | Slain by a centaur warrior

Illustrated notes

Levels and vault maps discovered:
D:        dungeon_sprint_1 [red_sonja_temple_1, red_sonja_temple_small_1]

Skill      XL: |  1  2  3  4  5  6 |
---------------+-------------------+-----
Stealth        | 10 14 15 | 15.0
Short Blades   | 9 10 | 10.0
Spellcasting   | 3 |  3.0
Hexes          | 9 |  9.0
Conjurations   | 3 |  3.8
Dodging        | |  2.6

Action                     |  1- 3 |  4- 6 |  7- 9 || total
---------------------------+-------+-------+-------++-------
  Melee: Dagger            |     6 |     4 |     1 ||    11
   Cast: Ensorcelled Hiber |     1 |     3 |       ||     4
    Use: Potion            |     2 |       |     2 ||     4
         Scroll            |       |       |     1 ||     1
   Stab: Sleeping          |     2 |     4 |       ||     6
 Armour: Skin              |     1 |       |       ||     1
         Robe              |       |     1 |     1 ||     2
  Dodge: Dodged            |     2 |       |    10 ||    12
